 Dungeon Crawl Stone Soup version 0.32-a0-938-g40ac7a0f4d (webtiles) character file.

Game seed: 13517484332721942487

11944 Gadrel the Protected (level 11, -2/94 HPs)
             Began as an Armataur Fighter on Apr 15, 2024.
             Was a High Priest of Okawaru.
             Succumbed to a black mamba's poison
             ... on level 1 of the Lair of Beasts.
             The game lasted 00:27:06 (8689 turns).

Gadrel the Protected (Armataur Fighter)             Turns: 8689, Time: 00:27:06

Health: -2/94      AC: 19    Str: 26    XL:     11   Next: 56%
Magic:  6/17       EV:  6    Int:  8    God:    Okawaru [*****.]
Gold:   329        SH:  6    Dex: 10    Spells: 10/10 levels left

rFire   + . .        a - +2 mace (drain)
rCold   . . .        c - +0 buckler
rNeg    . . .        w - +0 plate armour
rPois   .            v - +1 helmet
rElec   .            (no cloak)
rCorr   .            C - +0 pair of gloves
SInv    .            (no barding)
Will    ++...        t - amulet of guardian spirit Stlth
                     F - ring of protection from fire {rF+, !d}
HPRegen 0.35/turn    W - ring of willpower
MPRegen 0.15/turn

%: guardian spirit, roll
@: lethally poisoned (-2 -> -14), heroic, attractive, enlightened, flying
A: large, deformed body, tough skin 3, armoured tail, rollpage 2
a: Renounce Religion, Heroism, Finesse, Duel


You were on level 1 of the Lair of Beasts.
You worshipped Okawaru.
Okawaru was extremely pleased with you.
You visited 3 branches of the dungeon, and saw 10 of its levels.

You collected 516 gold pieces.
You spent 187 gold pieces at shops.

Inventory:

Hand Weapons
 a - a +2 mace of draining (weapon)
   (You took it off a gnoll on level 5 of the Dungeon)
 b - a +0 sling
   (You took it off a goblin on level 2 of the Dungeon)
 e - a +1 whip of freezing
   (You took it off Pikel on level 8 of the Dungeon)
 g - a +0 flail of holy wrath
   (You took it off Edmund on level 4 of the Dungeon)
Missiles
 j - 11 boomerangs
 n - a throwing net {!d}
 s - 72 stones
 u - 11 poisoned darts
 x - 2 curare-tipped darts
Armour
 c - a +0 buckler (worn)
 v - a +1 helmet (worn)
   (You bought it in a shop on level 6 of the Dungeon)
 w - a +0 plate armour (worn)
   (You found it on level 3 of the Dungeon)
 C - a +0 pair of gloves (worn)
   (You found it on level 8 of the Dungeon)
Magical Staves
 y - a staff of fire {rF+}
   (You found it on level 3 of the Dungeon)
Jewellery
 t - an amulet of guardian spirit (around neck)
   (You took it off Erica on level 8 of the Dungeon)
 F - a ring of protection from fire (left hand) {rF+, !d}
   (You found it on level 1 of the Dungeon)
 W - a ring of willpower (right hand)
   (You found it on level 5 of the Dungeon)
 X - a ring of resist corrosion
   (You found it on level 8 of the Dungeon)
Wands
 d - a wand of digging (3)
   (You found it on level 8 of the Dungeon)
 q - a wand of flame (17)
   (You found it on level 6 of the Dungeon)
 B - a wand of roots (1)
   (You found it on level 1 of the Lair of Beasts)
Scrolls
 f - 3 scrolls of fog {unknown}
 l - a scroll of acquirement {unknown}
 m - 2 scrolls of vulnerability {unknown}
 o - a scroll of enchant weapon
 r - a scroll of enchant armour
 D - 2 scrolls of blinking {!r}
 E - 3 scrolls of fear
 K - a scroll of immolation {!r}
 Y - 6 scrolls of teleportation {@r3}
Potions
 h - 3 potions of haste {unknown}
 i - a potion of degeneration {unknown}
 k - 2 potions of enlightenment
 p - 2 potions of attraction {!q}
 z - a potion of lignification {unknown}
 A - 3 potions of magic
 G - a potion of mutation {unknown}
 M - a potion of might


   Skills:
 - Level 8.0(13.0) Fighting
 + Level 9.8(14.8) Maces & Flails
 - Level 2.0(7.0) Throwing
 - Level 10.0(15.0) Armour
 - Level 5.0(10.0) Shields
 + Level 8.9 Invocations
 + Level 3.7 Evocations


You had 10 spell levels left.
You didn't know any spells.
Your spell library contained the following spells:

 Spells                   Type           Power      Damage    Failure   Level
 Vhi's Electric Charge    Tloc/Air       0%         N/A       100%        4
 Arcjolt                  Conj/Air       0%         1d10      100%        5
 Plasma Beam              Fire/Air       0%         2x1d10    100%        6


Dungeon Overview and Level Annotations

Branches:
Dungeon (8/15)             Temple (1/1) D:5            Lair (1/5) D:8

Altars:
Ashenzari
Cheibriados
Fedhas
Gozag
Hepliaklqana
Kikubaaqudgha
Makhleb
Nemelex Xobeh
Okawaru
Qazlal
Ru
Sif Muna
Trog
Uskayaw
Vehumet
Wu Jian
Yredelemnul
Zin

Shops:
D:6 =[(

Annotations:
D:4 1 runed translucent door, Crazy Yiuf
D:6 1 runed translucent door, smashvw's ghost, novice DjIE


Innate Abilities, Weirdness & Mutations

Armour fits poorly on your strangely shaped body.
You have extremely tough skin. (AC +3)
You have a long armoured tail.
You regenerate magic and health when rolling toward enemies. (Rampage Regen)


Message History

The elephant trunk-slaps you but does no damage.
You regained 3 hp, and now have 64/94 hp.
You hit the elephant but do no damage. You drain the elephant.
You tail-slap the elephant. You block the black mamba's attack.
The elephant tramples you but does no damage.
The elephant trunk-slaps you but does no damage.
You regained 3 hp, and now have 67/94 hp.
You hit the elephant. The black mamba bites you!
You block the black mamba's attack. The elephant tramples you!
You stumble backwards!
You take 13 damage, and have 54/94 hp.
You now have 12/17 mp.
The black mamba bites you but does no damage.
The black mamba bites you.
The elephant tramples you but does no damage.
The elephant trunk-slaps you.
You take 1 damage, and have 53/94 hp.
You hit the elephant. You drain the elephant. The black mamba bites you!
The elephant tramples you but does no damage.
The elephant trunk-slaps you but does no damage.
The black mamba bites you.
You take 5 damage, and have 48/94 hp.
You now have 11/17 mp.
You hit the elephant.
You kill the elephant!
Okawaru is honoured by your kill. The black mamba barely misses you.
You regained 2 hp, and now have 50/94 hp.
You closely miss the black mamba.
The black mamba bites you but does no damage.
The black mamba bites you.
You take 2 damage, and have 48/94 hp.
You hit the black mamba. The black mamba bites you!
You are poisoned.
The black mamba poisons you!
The black mamba bites you but does no damage.
You take 8 damage, and have 40/94 hp.
You now have 10/17 mp.
Unknown command.
You closely miss the black mamba.
You feel very sick. The black mamba bites you.
The black mamba bites you but does no damage.
You take 5 damage, and have 35/94 hp.
You closely miss the black mamba.
You feel very sick. The black mamba bites you.
You are more poisoned.
The black mamba poisons you!
The black mamba bites you but does no damage.
You take 3 damage, and have 32/94 hp.
You gain the combat prowess of a mighty hero.
You feel very sick.
The black mamba bites you but does no damage.
You block the black mamba's attack.
You take 4 damage, and have 28/94 hp.
You now have 9/17 mp.
You sock the black mamba!
Your tail-slap misses the black mamba.
You feel very sick. The black mamba bites you!
* * * LOW HITPOINT WARNING * * *
You take 10 damage, and have 18/94 hp.
You now have 7/17 mp.
You bludgeon the black mamba!! You drain the black mamba.
You feel sick. The black mamba misses you.
You take 1 damage, and have 17/94 hp.
You hit the black mamba but do no damage.
You drain the black mamba.
You feel very sick.
The black mamba bites you but does no damage.
The black mamba bites you.
* * * LOW HITPOINT WARNING * * *
You are lethally poisoned!
The black mamba poisons you!
You take 5 damage, and have 12/94 hp.
You now have 5/17 mp.
Unknown command.
Unknown command.
Okay, then.
Unknown command.
Okay, then.
Unknown command.
You hit the black mamba but do no damage.
* * * LOW HITPOINT WARNING * * *
You feel very sick.
The black mamba bites you but does no damage.
You take 3 damage, and have 9/94 hp.
Press: ? - help, Shift-Dir - straight line The roots erupt in riotous growth!
Roots grab the black mamba.
The grasping roots constrict the black mamba.
You kill the black mamba!
Okawaru accepts your kill.
* * * LOW HITPOINT WARNING * * *
You feel very sick.
You hear a loud, deep croak!
You take 4 damage, and have 5/94 hp.
It was a potion of attraction.
You feel attractive to monsters.
* * * LOW HITPOINT WARNING * * *
You feel very sick.
You take 4 damage, and have 1/94 hp.
It was a potion of enlightenment.
You feel very buoyant.
You fly up into the air.
You die...

..............#..........#
.....................#.......
.....###.........÷...#.......#
.....###.....)....÷###.......#
.....".............#..........
..............................
...........†..†...####....#..
.....Y.##....>.......#.
......# ##....@†....... ......
#...#†.#...... ......
$......#..#.#... ......
.....##...P.....
.?...###........ ....
##......# .# .....## ....##
.....


There were no monsters in sight!

Vanquished Creatures
  Gastronok (D:8)
  Erica (D:8)
  Pikel (D:8)
  6 elephants (Lair:1)
  Joseph (D:8)
  2 black mambas (Lair:1)
  2 rime drakes (Lair:1)
  A komodo dragon (D:8)
  Grinder (D:5)
  Sigmund (D:2)
  3 basilisks
  9 yaks
  A steam dragon (D:8)
  Menkaure (D:5)
  Edmund (D:4)
  3 water moccasins
  2 ice beasts (D:7)
  An orc warrior (D:8)
  2 sky beasts
  A black bear (D:6)
  2 ogres (D:5)
  6 wolves (Lair:1)
  A lemure (D:7)
  2 phantoms (D:6)
  2 kobold brigands
  2 bullfrogs
  2 scorpions
  5 wights (D:8)
  9 killer bees (D:8)
  A howler monkey (D:5)
  2 bombardier beetles
  3 hounds
  An orc priest (D:4)
  2 gnoll boudas
  Terence (D:3)
  A sleepcap (D:6)
  10 orc wizards
  2 iguanas (D:6)
  Natasha (thrice) (D:3)
  9 adders
  9 gnolls
  A shadow imp (D:7)
  A white imp (D:7)
  2 ufetubi (D:6)
  2 dart slugs (D:1)
  2 ribbon worms (D:2)
  23 orcs
  5 ball pythons
  3 endoplasms
  17 giant cockroaches
  7 goblins
  6 hobgoblins
  3 jackals (D:3)
  17 kobolds
  3 quokkas
  A bat (D:3)
  3 frilled lizards
  6 rats
218 creatures vanquished.

Notes
Turn   | Place    | Note
-------+----------+-------------------------------------------
     0 | D:1      | Gadrel the Armataur Fighter began the quest for the Orb.
     0 | D:1      | Reached XP level 1. HP: 18/18 MP: 1/1
   229 | D:1      | Reached skill level 2 in Maces & Flails
   229 | D:1      | Reached XP level 2. HP: 21/25 MP: 2/2
   842 | D:2      | Reached skill level 3 in Fighting
   842 | D:2      | Reached skill level 4 in Armour
   870 | D:2      | Reached XP level 3. HP: 31/31 MP: 3/3
  1102 | D:2      | HP: 7/31 [orc/+0 trident (2)]
  1103 | D:2      | HP: 1/31 [orc/+0 trident (7)]
  1108 | D:2      | HP: 7/31 [orc/boomerang (4)]
  1108 | D:2      | HP: 3/31 [orc/boomerang (3)]
  1111 | D:2      | HP: 1/31 [orc/+0 trident (3)]
  1118 | D:2      | Reached XP level 4. HP: 4/38 MP: 4/4
  1455 | D:2      | Found a hide-covered altar of Uskayaw.
  1602 | D:2      | Reached skill level 4 in Shields
  1835 | D:2      | Noticed Sigmund
  1854 | D:2      | HP: 9/38 [Sigmund/+0 scythe (7)]
  1868 | D:2      | Killed Sigmund
  1869 | D:2      | Reached skill level 3 in Maces & Flails
  1869 | D:2      | Reached skill level 5 in Armour
  1869 | D:2      | Reached XP level 5. HP: 33/46 MP: 5/5
  2000 | D:3      | Noticed Terence
  2008 | D:3      | Killed Terence
  2009 | D:3      | Reached XP level 6. HP: 38/52 MP: 6/6
  2128 | D:3      | Noticed Natasha
  2129 | D:3      | Killed Natasha
  2217 | D:3      | You fall into a shaft and drop 2 floors!
  2217 | D:5      | Entered Level 5 of the Dungeon
  2269 | D:5      | HP: 8/52 [gnoll bouda/+0 whip (9)]
  2312 | D:5      | Reached skill level 4 in Fighting
  2328 | D:5      | HP: 13/52 [gnoll/+2 mace of draining[a gnoll bouda] (4)]
  2530 | D:4      | Noticed Edmund
  2655 | D:4      | Reached skill level 5 in Shields
  2907 | D:3      | Noticed Natasha
  2912 | D:3      | Killed Natasha
  3002 | D:3      | Gained mutation: You regenerate magic and health when
                  | rolling toward enemies. (Rampage Regen) [Armataur growth]
  3002 | D:3      | Reached XP level 7. HP: 60/60 MP: 7/7
  3222 | D:3      | Noticed Natasha
  3229 | D:3      | Killed Natasha
  3230 | D:3      | Reached skill level 4 in Maces & Flails
  3230 | D:3      | Reached skill level 6 in Armour
  3471 | D:4      | Killed Edmund
  3583 | D:4      | Found a runed translucent door.
  3584 | D:4      | Noticed Crazy Yiuf
  3754 | D:5      | Gadrel: !ac 7
  3754 | D:5      | beem: 3.14 armour skill per 1 AC for 7 base AC
  3794 | D:5      | Reached skill level 5 in Fighting
  3922 | D:5      | Noticed Grinder
  3926 | D:5      | Paralysed by Grinder for 2 turns
  3939 | D:5      | Paralysed by Grinder for 5 turns
  3951 | D:5      | Killed Grinder
  3952 | D:5      | Reached skill level 5 in Maces & Flails
  3952 | D:5      | Reached XP level 8. HP: 38/69 MP: 8/8
  4035 | D:5      | Found a staircase to the Ecumenical Temple.
  4051 | Temple   | Entered the Ecumenical Temple
  4067 | Temple   | Became a worshipper of Warmaster Okawaru
  4120 | D:5      | Reached skill level 1 in Invocations
  4182 | D:5      | Reached * piety under Okawaru
  4183 | D:5      | Reached skill level 6 in Fighting
  4183 | D:5      | Reached skill level 2 in Invocations
  4190 | D:5      | Reached skill level 6 in Maces & Flails
  4190 | D:5      | Reached skill level 3 in Invocations
  4491 | D:6      | Noticed Menkaure
  4499 | D:5      | Killed Menkaure
  4500 | D:5      | Reached XP level 9. HP: 52/78 MP: 11/11
  4553 | D:6      | Reached ** piety under Okawaru
  4591 | D:6      | Reached skill level 4 in Invocations
  4683 | D:6      | Found a runed translucent door.
  4689 | D:6      | Noticed smashvw's ghost (novice DjIE)
  4753 | D:6      | Reached skill level 7 in Fighting
  4780 | D:6      | Found Fiarchec's Jewellery Boutique.
  4782 | D:6      | Found Saskauph's Antique Armour Shoppe.
  4784 | D:6      | Found Nassyog's Weapon Boutique.
  4842 | D:6      | Bought a runed helmet for 187 gold pieces
  5631 | D:7      | Reached skill level 7 in Maces & Flails
  5965 | D:6      | Gadrel: !ac 11
  5965 | D:6      | beem: 2.0 armour skill per 1 AC for 11 base AC
  5987 | D:7      | Reached skill level 5 in Invocations
  6529 | D:8      | Noticed Pikel
  6614 | D:8      | Noticed Erica
  6621 | D:8      | Killed Erica
  6621 | D:8      | Reached *** piety under Okawaru
  6622 | D:8      | Reached skill level 7 in Armour
  6785 | D:8      | Reached XP level 10. HP: 75/88 MP: 14/14
  6842 | D:8      | Reached skill level 8 in Fighting
  6888 | D:8      | Killed Pikel
  6889 | D:8      | Reached skill level 6 in Invocations
  6979 | D:8      | Noticed Joseph
  7150 | D:8      | Reached skill level 8 in Maces & Flails
  7150 | D:8      | Reached skill level 8 in Armour
  7466 | D:8      | Reached **** piety under Okawaru
  7591 | D:8      | Noticed Gastronok
  7640 | D:8      | Killed Gastronok
  7640 | D:8      | Reached ***** piety under Okawaru
  7641 | D:8      | Reached skill level 9 in Armour
  7641 | D:8      | Reached skill level 7 in Invocations
  7726 | D:8      | Found a staircase to the Lair.
  7809 | D:8      | Killed Joseph
  7810 | D:8      | Reached skill level 9 in Maces & Flails
  7987 | Lair:1   | Entered Level 1 of the Lair of Beasts
  8199 | D:8      | Received a gift from Okawaru
  8325 | Lair:1   | Reached XP level 11. HP: 51/94 MP: 7/16
  8336 | Lair:1   | HP: 23/94 [yak (4)]
  8390 | Lair:1   | Reached skill level 8 in Invocations
  8392 | Lair:1   | Reached skill level 1 in Throwing
  8423 | Lair:1   | HP: 18/94 [rime drake/icy flash freeze (12)]
  8424 | Lair:1   | Reached skill level 10 in Armour
  8424 | Lair:1   | Reached skill level 1 in Evocations
  8548 | Lair:1   | Reached skill level 2 in Throwing
  8548 | Lair:1   | Reached skill level 2 in Evocations
  8625 | Lair:1   | HP: 21/94 [elephant (4)]
  8638 | Lair:1   | HP: 20/94 [elephant (2)]
  8644 | Lair:1   | Reached skill level 3 in Evocations
  8683 | Lair:1   | HP: 18/94 [black mamba (6)]
  8687 | Lair:1   | HP: 5/94 [poisoned by a black mamba]
  8688 | Lair:1   | HP: 1/94 [poisoned by a black mamba]
  8689 | Lair:1   | Succumbed to a black mamba's poison

Illustrated notes

Levels and vault maps discovered:
D:1:      dpeg_arrival_fog, layout_loops_ring, serial_bayou,
          serial_bayou_pond_a, serial_bayou_lagoon_a, serial_bayou_pond_a,
          serial_bayou_lagoon_b
D:2:      layout_loops_corners, basic_altar, uniq_sigmund
D:3:      minmay_roachtagon, layout_basic, st_stairs_13, uniq_terence,
          uniq_natasha
D:4:      layout_rooms, uniq_crazy_yiuf_cottage, uniq_edmund
D:5:      layout_loops_ring, minmay_temple_entry_mini_moons, minmay_misc_feat_x,
          uniq_grinder
D:6:      layout_basic, ebering_ghost_sewer_d, kennysheep_minor_cross,
          nicolae_wooded_promenade, uniq_menkaure
D:7:      layout_gridville, minmay_misc_feat_rows
D:8:      layout_rooms, erik_lair_dragon, uniq_joseph, uniq_pikel,
          uniq_gastronok, uniq_erica
Temple:   nicolae_temple_two_arcs
Lair:1:   layout_cave_shapes

Skill      XL: |  1  2  3  4  5  6  7  8  9 10 11 |
---------------+----------------------------------+-----
Maces & Flails | 2 3 5 6 7 9 |  9.8
Fighting       | 3 4 5 6 7 8 |  8.0
Armour         | 4 5 6 7 9 10 | 10.0
Shields        | 4 5 |  5.0
Invocations    | 3 5 7 8 |  8.9
Throwing       | 2 |  2.0
Evocations     | 3 |  3.7

Action                     |  1- 3 |  4- 6 |  7- 9 | 10-12 || total
---------------------------+-------+-------+-------+-------++-------
  Melee: Flail             |    77 |    80 |    12 |    18 ||   187
         Tailslap          |     8 |    12 |    36 |    57 ||   113
         Mace              |       |    45 |   359 |   315 ||   719
  Throw: Stone             |     1 |       |       |       ||     1
         Dart              |       |       |     3 |     2 ||     5
 Invoke: Heroism           |       |       |     2 |     8 ||    10
  Evoke: Wand              |       |       |       |     1 ||     1
    Use: Potion            |     2 |     2 |     2 |     2 ||     8
         Scroll            |       |     9 |     3 |     3 ||    15
   Stab: Sleeping          |       |       |     1 |       ||     1
 Armour: Scale mail        |    71 |   117 |   249 |       ||   437
         Plate armour      |       |       |    78 |   430 ||   508
  Dodge: Dodged            |    17 |    41 |    99 |    75 ||   232
  Block: Buckler           |    13 |    21 |    74 |    71 ||   179

Table legend: (Time is in decaauts)
 A = Elapsed time spent in this place.
 B = Non-inter-level travel time spent in this place.
 C = Inter-level travel time spent in this place.
 D = Time resting spent in this place.
 E = Time spent auto-exploring this place.
 F = Levels seen in this place.
 G = Mean time per level.
                   A        B        C        D        E       F      G
               +--------+--------+--------+--------+--------+-----+--------+
         Total |   8850 |   8208 |    642 |    794 |   4859 |  10 |  885.0 |
       Dungeon |   8449 |   7818 |    631 |    724 |   4851 |   8 | 1056.1 |
        Temple |     25 |     17 |      8 |      0 |      0 |   1 |   25.0 |
          Lair |    375 |    372 |      3 |     70 |      8 |   1 |  375.0 |
               +--------+--------+--------+--------+--------+-----+--------+

Top non-repeatable levels by time:
     D:8: 1486 daAuts
     D:2: 1206 daAuts
     D:5: 1163 daAuts
     D:6: 1154 daAuts
     D:7: 1081 daAuts
     D:3: 932 daAuts
     D:1: 850 daAuts
     D:4: 575 daAuts
  Lair:1: 375 daAuts
  Temple: 25 daAuts

Levels and vault maps discovered:
D:1:      dpeg_arrival_fog, layout_loops_ring, serial_bayou,
          serial_bayou_pond_a, serial_bayou_lagoon_a, serial_bayou_pond_a,
          serial_bayou_lagoon_b
D:2:      layout_loops_corners, basic_altar, uniq_sigmund
D:3:      minmay_roachtagon, layout_basic, st_stairs_13, uniq_terence,
          uniq_natasha
D:4:      layout_rooms, uniq_crazy_yiuf_cottage, uniq_edmund
D:5:      layout_loops_ring, minmay_temple_entry_mini_moons, minmay_misc_feat_x,
          uniq_grinder
D:6:      layout_basic, ebering_ghost_sewer_d, kennysheep_minor_cross,
          nicolae_wooded_promenade, uniq_menkaure
D:7:      layout_gridville, minmay_misc_feat_rows
D:8:      layout_rooms, erik_lair_dragon, uniq_joseph, uniq_pikel,
          uniq_gastronok, uniq_erica
Temple:   nicolae_temple_two_arcs
Lair:1:   layout_cave_shapes

Table legend: (Time is in decaauts)
 A = Elapsed time spent in this place.
 B = Non-inter-level travel time spent in this place.
 C = Inter-level travel time spent in this place.
 D = Time resting spent in this place.
 E = Time spent auto-exploring this place.
 F = Levels seen in this place.
 G = Mean time per level.
                   A        B        C        D        E       F      G
               +--------+--------+--------+--------+--------+-----+--------+
         Total |   8850 |   8208 |    642 |    794 |   4859 |  10 |  885.0 |
       Dungeon |   8449 |   7818 |    631 |    724 |   4851 |   8 | 1056.1 |
        Temple |     25 |     17 |      8 |      0 |      0 |   1 |   25.0 |
          Lair |    375 |    372 |      3 |     70 |      8 |   1 |  375.0 |
               +--------+--------+--------+--------+--------+-----+--------+

Top non-repeatable levels by time:
     D:8: 1486 daAuts
     D:2: 1206 daAuts
     D:5: 1163 daAuts
     D:6: 1154 daAuts
     D:7: 1081 daAuts
     D:3: 932 daAuts
     D:1: 850 daAuts
     D:4: 575 daAuts
  Lair:1: 375 daAuts
  Temple: 25 daAuts

Table legend:
 A = Kills in this place as a percentage of kills in the entire game.
 B = Kills by you in this place as a percentage of kills by you in the entire game.
 C = Kills by friends in this place as a percentage of kills by friends in the entire game.
 D = Other kills in this place as a percentage of other kills in the entire game.
 E = Experience gained in this place as a percentage of experience gained in the entire game.
 F = Experience gained in this place divided by the number of levels of this place that you have seen.
                   A       B       C       D       E      F
               +-------+-------+-------+-------+-------+----------------------
         Total | 100.0 | 100.0 |   N/A |   N/A | 100.0 | 1706.3
       Dungeon |  90.3 |  90.3 |   N/A |   N/A |  64.1 | 1367.1
          Lair |   9.7 |   9.7 |   N/A |   N/A |  35.9 | 6126.0
               +-------+-------+-------+-------+-------+----------------------
